 Dungeon Crawl Stone Soup version 0.30.1-11-g7821555f0a (webtiles) character file.

Game seed: 8516873420463110589

108 Glitchless the Cudgeller (level 4, 0/29 HPs)
             Began as a Gargoyle Berserker on Dec 9, 2023.
             Was a Follower of Trog.
             Killed from afar by Natasha (9 damage)
             ... with a magic dart
             ... on level 2 of the Dungeon.
             The game lasted 00:02:12 (1088 turns).

Glitchless the Cudgeller (Gargoyle Berserker)       Turns: 1088, Time: 00:02:13

Health: 0/29       AC:  8    Str: 22    XL:     4   Next: 87%
Magic:  4/4        EV: 11    Int:  8    God:    Trog [*.....]
Gold:   51         SH:  0    Dex:  9    Spells: 3/3 levels left

rFire   . . .        a - +0 mace
rCold   . . .        (no shield)
rNeg    + . .        d - +0 leather armour
rPois   ∞            g - +0 hat {Stlth+}
rElec   +            (no cloak)
rCorr   .            h - +0 pair of gloves
SInv    .            (no boots)
Will    .....        (no amulet)
Stlth   ++           (no ring)
HPRegen 0.24/turn    (no ring)
MPRegen 0.09/turn

%: no passive effects
@: on berserk cooldown, slowed, very slow
A: sickness immunity, AC +3, negative energy resistance 1, electricity
resistance, torment resistance 1, petrification resistance
a: Renounce Religion, Berserk


You were on level 2 of the Dungeon.
You worshipped Trog.
Trog was aware of your devotion.
You visited 1 branch of the dungeon, and saw 2 of its levels.

You collected 51 gold pieces.

Inventory:

Hand Weapons
 a - a +0 mace (weapon)
Armour
 d - a +0 leather armour (worn)
 g - a +0 hat of stealth (worn)
 h - a +0 pair of gloves (worn)
Scrolls
 e - a scroll of poison {unknown}
 f - a scroll of noise {unknown}
Potions
 b - 2 potions of cancellation {unknown}
 c - 2 potions of mutation {unknown}


   Skills:
 * Level 4.0 Fighting
 * Level 4.3 Maces & Flails
 * Level 2.8 Armour
 * Level 2.0 Dodging


You had 3 spell levels left.
You didn't know any spells.
Your spell library was empty.

Dungeon Overview and Level Annotations

Branches:
Dungeon (2/15)

Altars:

Shops:
D:1 ?

Annotations:
D:2 Natasha


Innate Abilities, Weirdness & Mutations

You are immune to sickness and miasma.
Your stone body is resilient. (AC +3)
You are immune to poison.
You resist negative energy. (rN+)
You are resistant to electric shocks. (rElec)
You are resistant to unholy torment.
You are immune to petrification.


Message History

The magic dart hits you.
The cerulean imp hits you with a +1 spear.
The cerulean imp barely misses you.
You barely miss Natasha.
Natasha is almost dead.
Natasha closely misses you. The cerulean imp barely misses you.
The cerulean imp completely misses you. Natasha claws you.
You hit Natasha but do no damage.
Natasha is almost dead.
The cerulean imp barely misses you. The cerulean imp closely misses you.
Natasha stares at you and mumbles some strange words.
The magic dart hits you.
The cerulean imp hits you from afar with a +1 spear.
* * * LOW HITPOINT WARNING * * *
The cerulean imp hits you but does no damage.
A red film seems to cover your vision as you go berserk!
You feel yourself moving faster!
You feel mighty! Natasha barely misses you.
The cerulean imp hits you but does no damage. x2
You thump Natasha!
You kill Natasha!
Trog accepts your kill.
Trog appreciates your killing of a magic user.
Natasha screams in fury as she dies!
The cerulean imp disappears in a puff of smoke! x2
You start resting.
You feel a strong urge to attack something.
You start resting.
You feel your anger nearly subside.
You start resting.
You are no longer berserk.
You are exhausted.
You feel yourself slow down.
You start resting.
Natasha, Servant of Life and Death comes into view.
Natasha is nearby!
Natasha howls an incantation.
Natasha's front paws start to glow.
Natasha casts a spell at you. The magic dart hits you!
You die...

............#####.....## #.......
#######................###.......
#.....#####.......##.......
#......####.#..........h...
#.####.).##.######......... #.#
###)##.# ###....... #.#
#.##########.....[.. #.#
#.##...)h...........
#####.######..@.####...>.......
#.............### #..###.#...#.
#........####.###...###..#.....
#........# #÷.##.## #.#...#..
#..<.<...# ##.....# #........
########## #............##...
#.##.........# ##. ... ..... ...
....


You could see Natasha.

Vanquished Creatures
  Natasha (twice) (D:2)
  3 gnolls (D:2)
  An adder (D:2)
  A dart slug (D:2)
  A goblin (D:1)
  2 hobgoblins (D:2)
  3 jackals (D:2)
  A quokka (D:2)
  3 bats
  4 kobolds
  2 rats
23 creatures vanquished.

Notes
Turn   | Place    | Note
-------+----------+-------------------------------------------
     0 | D:1      | Glitchless the Gargoyle Berserker began the quest for the
                  | Orb.
     0 | D:1      | Reached XP level 1. HP: 14/14 MP: 1/1
   231 | D:1      | Found Ovvil's Magic Scroll Shoppe.
   763 | D:2      | Reached XP level 2. HP: 18/19 MP: 2/2
   776 | D:2      | Reached XP level 3. HP: 11/24 MP: 3/3
   964 | D:2      | Noticed Natasha
   986 | D:2      | Reached XP level 4. HP: 26/29 MP: 4/4
   994 | D:2      | Killed Natasha
  1053 | D:2      | Noticed Natasha
  1074 | D:2      | Killed Natasha
  1084 | D:2      | Noticed Natasha
  1088 | D:2      | Killed from afar by Natasha

Illustrated notes

Levels and vault maps discovered:
D:1:      erik_arrival_orb_chamber, layout_basic, serial_shops, shop
D:2:      layout_rooms, st_stairs_5, uniq_natasha

Skill      XL: |  1  2  3  4 |
---------------+-------------+-----
Fighting       | 4 |  4.0
Maces & Flails | 4 |  4.3
Dodging        | 2 |  2.0
Armour         | |  2.8

Action                     |  1- 3 |  4- 6 || total
---------------------------+-------+-------++-------
  Melee: Mace              |    70 |    22 ||    92
 Invoke: Berserk           |       |     1 ||     1
 Armour: Leather armour    |    32 |    15 ||    47
         Animal skin       |     2 |       ||     2
  Dodge: Dodged            |    50 |    17 ||    67
